 Dungeon Crawl Stone Soup version 0.29-a0-214-g17f627cfee (webtiles) character file.

Game seed: 3398722246189469370

379 enile the Skirmisher (level 6, -9/42 HPs)
             Began as a Gargoyle Monk on Feb 25, 2022.
             Was a Believer of Ru.
             Killed by an exploding Terence (47 damage)
             ... ignited by their inner flame
             ... on level 3 of the Dungeon.
             The game lasted 00:07:32 (4796 turns).

enile the Skirmisher (Gargoyle Monk)                Turns: 4796, Time: 00:07:33

Health: -9/42      AC:  8    Str: 16    XL:     6   Next: 74%
Magic:  6/6        EV:  7    Int: 11    God:    Ru [**....]
Gold:   276        SH:  0    Dex: 12    Spells: 5/5 levels left

rFire   . . .      SeeInvis +   a - +1 mace
rCold   + . .      Faith    .   (no shield)
rNeg    + . .      Spirit   .   m - +1 leather armour rPois โˆž Reflect .
                                (no helmet)
rElec   +          Harm     .   (no cloak)
rCorr   .          Rampage  .   (no gloves)
Will    .....                   (no boots)
Stlth   ++........              c - amulet of regeneration
HPRegen 0.94/turn               o - ring of protection from cold
MPRegen 0.10/turn               g - ring of see invisible

@: no status effects
A: sickness immunity, AC +4, negative energy resistance 1, electricity
resistance, torment resistance 1, petrification resistance, reduced EV 1,
unskilled 1
a: Renounce Religion


You were on level 3 of the Dungeon.
You worshipped Ru.
Ru was pleased with you.
You visited 1 branch of the dungeon, and saw 4 of its levels.
You also visited: Sewer.

You collected 276 gold pieces.

Inventory:

Hand Weapons
 a - a +1 mace (weapon)
 k - a +0 falchion
Armour
 b - a +0 robe
 m - a +1 leather armour (worn)
Jewellery
 c - an amulet of regeneration (around neck)
 g - a ring of see invisible (right hand)
 o - a ring of protection from cold (left hand)
Scrolls
 d - 3 scrolls of teleportation
 e - 2 scrolls of blinking
 f - a scroll of immolation
 i - a scroll of enchant armour
 l - 6 scrolls of identify
 p - a scroll of amnesia
Potions
 h - 5 potions of flight
 n - a potion of heal wounds {unknown}


   Skills:
 + Level 6.4 Fighting
 - Level 2.6 Maces & Flails
 - Level 2.0 Armour
 - Level 3.0 Dodging
 - Level 2.0 Stealth


You had 5 spell levels left.
You didn't know any spells.
Your spell library contained the following spells:

 Spells                   Type           Power      Damage    Failure   Level
 Summon Lightning Spire   Summ/Air       0%         N/A       99%         4
 Storm Form               Tmut/Air       0%         N/A       100%        7
 Maxwell's Capacitive Co  Air            0%         โˆž       100%        8


Dungeon Overview and Level Annotations

Branches:
Dungeon (4/15)             Temple (0/1) D:4           Sewer (visited)

Altars:
Ru


Innate Abilities, Weirdness & Mutations

You are immune to sickness and miasma.
Your stone body is resilient. (AC +4)
You are immune to poison.
You resist negative energy. (rN+)
You are resistant to electric shocks. (rElec)
You are resistant to unholy torment.
You are immune to petrification.
You have somewhat slow reflexes. (EV -5)
You are somewhat unskilled. (-1 Apt)


Message History

The adder bites you. x2
You sock the adder!
You kill the adder!
No target in view!
No target in view!
No target in view!
No target in view!
No target in view!
(D) Dungeon (T) Temple
Where to? (Enter - D:3, ? - help)
You see here a giant cockroach corpse.
You see here a +0 robe.
There is a stone staircase leading up here.
You climb upwards.
There is a stone staircase leading down here.
Found a stone staircase leading down.
You now have 276 gold pieces (gained 7).
Found an escape hatch in the ceiling.
Terence the Incautious comes into view.
He is wielding a +0 short sword.
Terence is nearby!
As you read the scroll labelled TOUKHL TOFAOF, it crumbles to dust.
The creatures around you are filled with an inner flame!
It was a scroll of immolation.
As you read the scroll labelled REMIAH ZIMO, it crumbles to dust.
It is a scroll of identify.
j - a scroll of enchant weapon Terence shouts!
As you read the scroll of identify, it crumbles to dust.
p - a scroll of amnesia
As you read the scroll of enchant weapon, it crumbles to dust.
Your +0 mace glows red for a moment.
Terence hits you with a +0 short sword.
You focus your inner power and blind Terence in retribution!
You hit Terence.
Flame seeps out of Terence.
Terence is moderately wounded.
Terence is engulfed in blazing flames.
Flame seeps out of Terence.
Terence hits you with a +0 short sword.
Terence is engulfed in blazing flames.
Terence explodes!
The fiery explosion engulfs you!!!
Ouch! That really hurt!
You die...

# # ##. .. #... ###
... .<... ##.## ....
......####...####....^
......................
......##.#...#.##.....
........#######.# #.#
#....###@# ##..# ##.
..###โ—‹###.#.#
#....ยง.#.##.#
.#.###.# #
.#.###.##.#.
####.#...#......
.................
.########.#......
.......>.........


There were no monsters in sight!

Vanquished Creatures
  A water moccasin (D:4)
  A hound (D:4)
  A bullfrog skeleton (D:4)
  Terence (D:3)
  9 adders
  4 river rats (Sewer)
  3 worms
  2 orcs (D:4)
  7 ball pythons
  8 endoplasms
  7 giant cockroaches
  10 hobgoblins
  5 jackals
  2 quokkas
  A ball python skeleton (D:3)
  10 bats
  7 frilled lizards
  4 goblins
  6 kobolds
  13 rats
102 creatures vanquished.

Vanquished Creatures (others)
  A fungus (D:1)
1 creature vanquished.

Grand Total: 103 creatures vanquished

Notes
Turn   | Place    | Note
-------+----------+-------------------------------------------
     0 | D:1      | enile the Gargoyle Monk began the quest for the Orb.
     0 | D:1      | Reached XP level 1. HP: 14/14 MP: 1/1
   566 | D:1      | Reached XP level 2. HP: 20/20 MP: 2/2
   643 | D:1      | Reached skill level 4 in Fighting
   826 | D:1      | Found a faded altar of an unknown god.
   896 | D:1      | Prayed at the altar of an unknown god.
   896 | D:1      | Became a worshipper of Ru the Awakened
  1055 | D:1      | Gained mutation: You are somewhat unskilled. (-1 Apt) [Ru
                  | sacrifice]
  1055 | D:1      | Reduced skill Fighting to level 3
  1055 | D:1      | Reached * piety under Ru
  1130 | D:1      | Reached skill level 4 in Fighting
  1857 | D:2      | Reached XP level 3. HP: 24/24 MP: 3/3
  2836 | D:2      | Reached XP level 4. HP: 30/30 MP: 4/4
  3044 | D:2      | Reached skill level 5 in Fighting
  3464 | D:3      | Found a glowing drain.
  3620 | Sewer    | Entered a sewer
  3670 | Sewer    | Reached XP level 5. HP: 32/36 MP: 5/5
  3850 | Sewer    | Reached skill level 6 in Fighting
  4188 | Sewer    | Gained mutation: You have somewhat slow reflexes. (EV -5)
                  | [Ru sacrifice]
  4188 | Sewer    | Reached ** piety under Ru
  4410 | D:3      | Noticed an ogre
  4477 | D:4      | Reached XP level 6. HP: 32/41 MP: 6/6
  4587 | D:4      | Noticed a water moccasin
  4604 | D:4      | Killed a water moccasin
  4621 | D:4      | Found a staircase to the Ecumenical Temple.
  4791 | D:3      | Noticed Terence
  4796 | D:3      | Killed Terence
  4796 | D:3      | Killed by an exploding Terence... ignited by their inner
                  | flame

Illustrated notes

Levels and vault maps discovered:
D:1:      dpeg_arrival_round_c, layout_loops_corners,
          shapermc_ecumenical_altar_petra, minmay_tromino_v7
D:2:      layout_basic, chequers_arboretum
D:3:      layout_loops_ring, portal_sewer_entry_e, minmay_checkerbox,
          uniq_terence
D:4:      layout_loops_ring, chequers_temple_overflow_statue_of_worship,
          minmay_temple_entry_sparse_star

Skill      XL: |  1  2  3  4  5  6 |
---------------+-------------------+-----
Fighting       | 4 5 6 |  6.4
Maces & Flails | 2 |  2.6
Dodging        | 3 |  3.0
Armour         | 2 |  2.0
Stealth        | |  2.0

Action                   |  1- 3 |  4- 6 || total
-------------------------+-------+-------++-------
Melee: Mace              |   177 |   229 ||   406
       Punch             |     3 |     3 ||     6
Throw: Boomerang         |     2 |       ||     2
Invok: Sacrifice Skill   |     1 |       ||     1
       Sacrifice Health  |       |     1 ||     1
  Use: Potion            |       |     1 ||     1
       Scroll            |       |     7 ||     7
 Stab: Sleeping          |     7 |     3 ||    10
       Distracted        |       |     1 ||     1
Armor: Robe              |    75 |       ||    75
       Leather armour    |       |   152 ||   152
Dodge: Dodged            |   148 |   212 ||   360

Table legend: (Time is in decaauts)
 A = Elapsed time spent in this place.
 B = Non-inter-level travel time spent in this place.
 C = Inter-level travel time spent in this place.
 D = Time resting spent in this place.
 E = Time spent auto-exploring this place.
 F = Levels seen in this place.
 G = Mean time per level.
                   A        B        C        D        E       F      G
               +--------+--------+--------+--------+--------+-----+--------+
         Total |   5131 |   5013 |    118 |    417 |   3261 |   5 | 1026.2 |
       Dungeon |   4162 |   4044 |    118 |    417 |   2747 |   4 | 1040.5 |
         Sewer |    969 |    969 |      0 |      0 |    513 |   1 |  969.0 |
               +--------+--------+--------+--------+--------+-----+--------+

Top non-repeatable levels by time:
     D:1: 1831 daAuts
     D:2: 1554 daAuts
   Sewer: 969 daAuts
     D:3: 430 daAuts
     D:4: 346 daAuts
